 Dungeon Crawl Stone Soup version 0.27.1-33-g824d729ab1 (webtiles) character file.

Game seed: 7645621140895708134

9 Descartes the Sneak (level 2, 0/14 HPs)
             Began as a Felid Delver on Dec 9, 2021.
             Succumbed to an adder's poison
             ... on level 5 of the Dungeon.
             The game lasted 00:01:11 (149 turns).

Descartes the Sneak (Felid Delver)                   Turns: 149, Time: 00:01:11

Health: 0/14       AC:  1    Str:  8    XL:     2   Next: 3%
Magic:  3/3        EV: 18    Int: 11    God:
Gold:   0          SH:  0    Dex: 17    Spells: 1/1 levels left
                                        Lives:  0   Deaths: 0

rFire    . . .     SeeInvis +     - Unarmed
rCold    . . .     Faith    .   (shield unavailable)
rNeg     . . .     Spirit   .   (armour unavailable)
rPois    .         Reflect  .   (helmet unavailable)
rElec    .         Harm     .   (cloak unavailable)
rCorr    .         Rampage  .   (gloves unavailable)
Will     .....                  (boots unavailable)
Stlth    ++++......             (no amulet)
HPRegen  0.04/turn              (no ring)
MPRegen  0.08/turn              (no ring)

@: lethally poisoned (0 -> -6), hasted, very quick
A: very small, claws 1, fangs 3, see invisible, speed 1, shaggy fur 1, stealthy
paws, no weapons or thrown items, no armour, multi-lived
a: no special abilities


You were on level 5 of the Dungeon.
You visited 1 branch of the dungeon, and saw 1 of its levels.

Inventory:

Missiles
 f - 13 stones
Wands
 e - a wand of digging (3)
Scrolls
 a - 2 scrolls of fog
 b - a scroll of magic mapping
 c - a scroll of fear
 g - a scroll of teleportation {unknown}


   Skills:
 - Level 3.0 Fighting
 + Level 3.1 Dodging
 * Level 6.8 Stealth
 + Level 2.2 Unarmed Combat


You had one spell level left.
You didn't know any spells.
Your spell library contained the following spells:

 Spells                   Type           Power      Damage    Failure   Level
 Magic Dart               Conj           0%         1d3       34%         1
 Call Imp                 Summ           0%         N/A       47%         2
 Mephitic Cloud           Conj/Pois/Air  0%         N/A       71%         3


Dungeon Overview and Level Annotations

Branches:
Dungeon (5/15)
 Temple: D:4-7

Altars:


Innate Abilities, Weirdness & Mutations

You have sharp claws.
You have razor-sharp teeth.
You have supernaturally acute eyesight. (SInv)
You cover ground quickly. (Speed+)
You are covered in fur. (AC +1)
Your paws help you pounce on unaware monsters.
You are incapable of wielding weapons or throwing items.
You cannot wear armour.
You gain extra lives every three experience levels.


Message History

You see here a book of Minor Magic.
You pick up a book of Minor Magic and begin reading...
You add the spells Magic Dart, Call Imp and Mephitic Cloud to your library.
You barely miss the hound zombie. The hound zombie barely misses you.
You scratch the hound zombie.
The hound zombie is lightly damaged.
The hound zombie misses you.
You claw the hound zombie! Your bite misses the hound zombie.
The hound zombie is moderately damaged.
The hound zombie bites you.
You scratch the hound zombie but do no damage.
The hound zombie is moderately damaged.
The hound zombie bites you.
You scratch the hound zombie. You bite the hound zombie.
The hound zombie is heavily damaged.
The adder hisses angrily.
The hound zombie closely misses you. x2
You scratch the hound zombie.
The hound zombie is severely damaged.
The hound zombie misses you.
You completely miss the hound zombie.
The hound zombie is severely damaged.
The hound zombie closely misses you.
You scratch the hound zombie.
The hound zombie is severely damaged.
The hound zombie bites you. x2
* * * LOW HITPOINT WARNING * * *
The hound zombie closely misses you.
You miss the adder. The adder completely misses you.
You scratch the adder. Your bite misses the adder.
The adder is lightly wounded.
The adder misses you.
You scratch the adder.
The adder is heavily wounded.
The adder bites you.
* * * LOW HITPOINT WARNING * * *
You are lethally poisoned!
The adder poisons you! The adder completely misses you.
You feel yourself speed up.
You die...

.###########
.................#
......##########.#######
......# #ZS.......#
......# #.#@####.##
......# #.#......#
......# #Z#..######
......# #.#.......#
......# #.#...##.##
...$..# #.#...##.#
.###### #.#...##.#
.#############.#...##.#
...........Z...#...##.#


You could see an adder and a hound zombie.

Vanquished Creatures
  An adder (D:5)
1 creature vanquished.

Notes
Turn   | Place    | Note
-------+----------+-------------------------------------------
     0 | D:5      | Descartes the Felid Delver began the quest for the Orb.
     0 | D:5      | Reached XP level 1. HP: 10/10 MP: 2/2
    24 | D:5      | Reached XP level 2. HP: 14/14 MP: 3/3
   149 | D:5      | Succumbed to an adder's poison

Illustrated notes

Levels and vault maps discovered:
D:5:      layout_basic, temple_doors_e

Skill      XL: |  1 |
---------------+----+-----
Dodging        | 3 |  3.1
Fighting       | |  3.0
Stealth        | |  6.8
Unarmed Combat | |  2.2

Action                   || total
-------------------------++-------
Melee: Unarmed           ||    12
       Bite              ||     1
  Use: Potion            ||     1
 Stab: Sleeping          ||     1
Dodge: Dodged            ||    10
